 Dungeon Crawl Stone Soup version 0.20-a0-266-gdedccd6 (webtiles) character file.

1848 PurpleRed the Cleaver (level 8, -1/62 HPs)
             Began as a Mummy Fighter on Dec 5, 2016.
             Was a Follower of Okawaru.
             Slain by an orc warrior
             ... wielding a +0 long sword
              (17 damage)
             ... on level 8 of the Dungeon.
             The game lasted 00:10:09 (6782 turns).

PurpleRed the Cleaver (Mummy Fighter)               Turns: 6782, Time: 00:10:10

Health: -1/62      AC: 11    Str: 22    XL:     8   Next: 88%
Magic:  0/8        EV:  5    Int:  7    God:    Okawaru [*.....]
Gold:   425        SH:  9    Dex: 11    Spells: 7/7 levels left

rFire  . . .     SeeInvis .     a - +0 war axe
rCold  + . .     Gourm    .     g - +0 chain mail
rNeg   + + +     Faith    .     c - +0 shield
rPois  ∞         Spirit   +     (no helmet)
rElec  .         Reflect  .     l - +0 cloak
rCorr  .         Harm     .     (no gloves)
MR     ++...                    (no boots)
Stlth  ..........               e - amulet of guardian spirit
                                o - ring of protection from magic
                                n - ring of protection from fire

@: no status effects
A: no food or potions, fire vulnerability, cold resistance 1, negative energy
resistance 3, torment resistance, unbreathing
a: Heroism, Renounce Religion


You were on level 8 of the Dungeon.
You worshipped Okawaru.
Okawaru was aware of your devotion.
You were not hungry.

You visited 2 branches of the dungeon, and saw 9 of its levels.

You collected 425 gold pieces.

Inventory:

Hand Weapons
 a - a +0 war axe (weapon)
 d - a +1 trident of venom
 v - a +1 flail of protection
 x - a +2 hand axe of pain
Missiles
 h - 57 poisoned needles
Armour
 c - a +0 shield (worn)
 g - a +0 chain mail (worn)
 l - a +0 cloak (worn)
Jewellery
 e - an amulet of guardian spirit (around neck)
 n - a ring of protection from fire (left hand)
 o - a ring of protection from magic (right hand)
Wands
 k - a wand of disintegration (4/24)
Scrolls
 b - 3 scrolls of enchant weapon
 f - 3 scrolls of remove curse
 i - 2 scrolls of fog
 j - a scroll of amnesia
 m - a scroll of immolation
 p - a scroll of recharging
 q - a scroll of blinking
 r - 2 scrolls of magic mapping
 s - a scroll of enchant armour
 t - a scroll of teleportation
Books
 u - a book of Misfortune

   Spells                             Type                      Level
   a - Confusing Touch                Hexes                        1
   b - Confuse                        Hexes                        3
   c - Gell's Gravitas                Hexes/Translocation          3
   d - Petrify                        Transmutation/Earth          4
   e - Metabolic Englaciation         Hexes/Ice                    5
   f - Yara's Violent Unravelling     Hexes/Transmutation          5


   Skills:
 - Level 5.3 Fighting
 * Level 8.0 Axes
 + Level 4.9 Armour
 - Level 2.4 Shields


You had 7 spell levels left.
You didn't know any spells.

Dungeon Overview and Level Annotations

Branches:
Dungeon (8/15)             Temple (1/1) D:7
   Lair: D:8-11

Altars:
Ashenzari
Cheibriados
Dithmenos
Elyvilon
Fedhas
Gozag
Hepliaklqana
Kikubaaqudgha
Makhleb
Nemelex Xobeh
Okawaru
Qazlal
Ru
Sif Muna
Trog
Vehumet
Xom
Yredelemnul
Zin
The Shining One


Innate Abilities, Weirdness & Mutations

You do not eat or drink.
Your flesh is vulnerable to fire.
You are immune to poison.
Your flesh is cold resistant. (rC+)
You are immune to negative energy. (rN+++)
You are immune to unholy pain and torment.
You can survive without breathing.


Message History

Your shield and chain mail prevent you from hitting the orc warrior.
The orc warrior is severely wounded.
You block the orc warrior's attack.
You hit the orc warrior but do no damage.
The orc warrior is severely wounded.
You block the orc warrior's attack.
You closely miss the orc warrior.
The orc warrior is severely wounded.
You hit the orc. You block the orc's attack.
The orc warrior hits you with a long sword!
* * * LOW HITPOINT WARNING * * *
You hit the orc warrior but do no damage.
The orc warrior is severely wounded.
You closely miss the orc. You block the orc's attack.
You block the orc warrior's attack.
You closely miss the orc warrior.
The orc warrior is severely wounded.
You hit the orc. You block the orc's attack.
The orc warrior hits you with a long sword!!
You die...

......o......###...
..<..?...........#
.....#.......#####
...#.####.#.># #.##
#.#.## #. #...##
#....#### #o#.....# ##.#
#@..###.[...
#...#.####o.####....#
#...#............####
#.....####..######
#....####†..###
#.............###
#...............###
#########...............
#...#...##...........##


You could see an orc warrior and an orc.

Vanquished Creatures
  A hippogriff (D:7)
  A phantom (D:7)
  4 centaurs
  An ogre (D:7)
  A water moccasin zombie (D:7)
  2 scorpions
  A howler monkey (D:4)
  4 crimson imps (D:5)
  7 orc priests
  A bullfrog skeleton (D:4)
  A bullfrog zombie (D:8)
  A jelly (D:7)
  6 orc wizards
  2 centaur skeletons
  An iguana (D:4)
  Jessica (D:2)
  Natasha (D:2)
  3 worker ants
  A hound zombie (D:5)
  A hound skeleton (D:4)
  5 adders
  2 shadow imps
  3 oozes (D:2)
  An adder skeleton (D:5)
  A worm (D:4)
  A dart slug (D:2)
  4 leopard geckos
  20 orcs
  3 bats
  6 giant cockroaches
  6 hobgoblins
  4 quokkas
  5 ball pythons
  5 frilled lizards
  4 goblins
  4 kobolds
  2 leopard gecko skeletons
  8 rats
125 creatures vanquished.

Notes
Turn   | Place    | Note
-------+----------+-------------------------------------------
     0 | D:1      | PurpleRed the Mummy Fighter began the quest for the Orb.
     0 | D:1      | Reached XP level 1. HP: 18/18 MP: 1/1
   427 | D:1      | Reached XP level 2. HP: 20/24 MP: 2/2
   450 | D:1      | Reached skill level 2 in Axes
   841 | D:2      | Reached XP level 3. HP: 28/29 MP: 3/3
   862 | D:2      | Found a bloodstained altar of Trog.
   906 | D:2      | Noticed Natasha
   913 | D:2      | Killed Natasha
  1109 | D:2      | Reached XP level 4. HP: 25/37 MP: 2/4
  1257 | D:2      | Noticed Jessica
  1263 | D:2      | Killed Jessica
  1263 | D:2      | Reached skill level 3 in Axes
  2304 | D:3      | Reached XP level 5. HP: 42/42 MP: 5/5
  2480 | D:3      | Found a shimmering altar of Xom.
  2748 | D:4      | Reached skill level 4 in Axes
  3224 | D:4      | Reached XP level 6. HP: 39/49 MP: 2/6
  3313 | D:4      | Found a glowing golden altar of the Shining One.
  3844 | D:5      | Entered Level 5 of the Dungeon
  3968 | D:6      | Got a twisted war axe
  4159 | D:5      | Reached skill level 5 in Fighting
  4159 | D:5      | Reached skill level 5 in Axes
  4271 | D:5      | Reached XP level 7. HP: 35/56 MP: 4/7
  4838 | D:6      | Reached skill level 6 in Axes
  5273 | D:7      | Reached XP level 8. HP: 25/62 MP: 3/8
  5548 | D:7      | Found a staircase to the Ecumenical Temple.
  5557 | Temple   | Entered the Ecumenical Temple
  5561 | Temple   | Became a worshipper of Warmaster Okawaru
  5873 | D:7      | Reached skill level 7 in Axes
  6071 | D:7      | Found a shadowy altar of Dithmenos.
  6071 | D:7      | Found a sacrificial altar of Ru.
  6126 | D:7      | Noticed a hippogriff
  6145 | D:7      | Killed a hippogriff
  6411 | D:7      | Reached * piety under Okawaru
  6703 | D:8      | Reached skill level 8 in Axes
  6715 | D:8      | Found a snail-covered altar of Cheibriados.
  6782 | D:8      | Slain by an orc warrior

Vault maps used:
D:1:      sevenhm_arrival_forest_fort_small_1, st_stairs_10, fountainhead
D:2:      minmay_door_path, lemuel_doored_altar, uniq_jessica, uniq_natasha
D:3:      lemuel_coloured_pillars_altar, st_stairs_14,
          hangedman_decor_diamond_cutter
D:4:      tso_altar, first_bread
D:5:      cheibrodos_quashed
D:6:      kennysheep_minor_cross
D:7:      gammafunk_temple_overflow_wave
D:8:      marbit_many_paths, kennysheep_mini, david_lair_shrubbed,
          kennysheep_crisscross
Temple:   zaba_magenta_temple

Skill      XL: |  1  2  3  4  5  6  7  8 |
---------------+-------------------------+-----
Axes           | 2 3 4 5 6 8 |  8.0
Fighting       | 4 5 |  5.3
Armour         | 3 4 |  4.9
Shields        | |  2.4

Action                   |  1- 3 |  4- 6 |  7- 9 || total
-------------------------+-------+-------+-------++-------
Melee: War axe           |    83 |   242 |   191 ||   516
       Hand axe          |       |       |    43 ||    43
Invok: Heroism           |       |       |     1 ||     1
Evoke: Wand              |       |       |     4 ||     4
  Use: Scroll            |       |    11 |     2 ||    13
Armor: Scale mail        |    13 |       |       ||    13
       Chain mail        |    45 |   137 |   147 ||   329
Dodge: Dodged            |    22 |    50 |    65 ||   137
Block: Shield            |    43 |   125 |   106 ||   274
